 Dungeon Crawl Stone Soup version 0.26-a0-667-g92642533e4 (webtiles) character file.

Game seed: 14341047157353973794

410 Gargoyl the Skirmisher (level 6, -1/53 HPs)
             Began as a Gnoll Abyssal Knight on Oct 16, 2020.
             Was a Believer of Lugonu.
             Slain by Duvessa
             ... wielding a +3 rapier of speed
              (3 damage)
             ... on level 4 of the Dungeon.
             The game lasted 00:04:42 (2627 turns).

Gargoyl the Skirmisher (Gnoll Abyssal Knight)       Turns: 2627, Time: 00:04:42

Health: -1/53      AC: 12    Str: 16    XL:     6   Next: 89%
Magic:  9/9        EV:  8    Int: 15    God:    Lugonu [**....]
Gold:   238        SH:  0    Dex: 14    Spells: 9/9 levels left

rFire    . . .     SeeInvis .   a - +2 hand axe
rCold    . . .     Faith    .   (no shield)
rNeg     . . .     Spirit   .   c - +0 chain mail
rPois    .         Reflect  .   l - +0 helmet
rElec    .         Harm     .   m - +0 cloak (curse)
rCorr    .         Rampage  .   (no gloves)
MR       .....                  (no boots)
Stlth    ..........             (no amulet)
HPRegen  0.17/turn              (no ring)
MPRegen  0.11/turn              (no ring)

@: mighty, glowing
A: distributed training, fangs 1, strong nose
a: Depart the Abyss, Bend Space, Renounce Religion


You were on level 4 of the Dungeon.
You worshipped Lugonu.
Lugonu was pleased with you.
You visited 1 branch of the dungeon, and saw 4 of its levels.
You visited the Abyss 1 time.

You collected 238 gold pieces.

Inventory:

Hand Weapons
 a - a +2 hand axe (weapon)
Missiles
 o - 5 poisoned darts (quivered)
Armour
 c - a +0 chain mail (worn)
 l - a +0 helmet (worn)
 m - a cursed +0 cloak (worn)
Wands
 j - a wand of flame (20)
Scrolls
 e - 3 scrolls of remove curse
 i - a scroll of amnesia {unknown}
 k - a scroll of identify
 n - a scroll of blinking
Potions
 b - 4 potions of curing
 d - 2 potions of haste
 g - a potion of flight
 h - a potion of might


   Skills:
 + Level 6.9 Fighting
 + Level 2.1 Short Blades
 + Level 2.1 Long Blades
 + Level 5.1 Axes
 + Level 2.1 Maces & Flails
 + Level 2.1 Polearms
 + Level 2.1 Staves
 + Level 2.1 Slings
 + Level 2.1 Bows
 + Level 2.1 Crossbows
 + Level 2.1 Throwing
 + Level 5.1 Armour
 + Level 3.4 Dodging
 + Level 2.1 Stealth
 + Level 2.1 Shields
 + Level 2.1 Unarmed Combat
 + Level 2.1 Spellcasting
 + Level 1.7 Conjurations
 + Level 1.7 Hexes
 + Level 1.7 Summonings
 + Level 1.7 Necromancy
 + Level 1.7 Translocations
 + Level 1.7 Transmutations
 + Level 1.7 Fire Magic
 + Level 1.7 Ice Magic
 + Level 1.7 Air Magic
 + Level 1.7 Earth Magic
 + Level 1.7 Poison Magic
 + Level 5.2 Invocations
 + Level 2.1 Evocations


You had 9 spell levels left.
You didn't know any spells.
Your spell library contained the following spells:

 Spells                   Type           Power        Failure   Level
 Corona                   Hex            #......      85%         1
 Ensorcelled Hibernation  Hex/Ice        #.....       94%         2
 Confusing Touch          Hex            #.......     99%         3
 Dazzling Flash           Conj/Hex       #.....       99%         3
 Tukima's Dance           Hex            #.......     99%         3


Dungeon Overview and Level Annotations

Branches:
Dungeon (4/15)
 Temple: D:4-7

Altars:
Ashenzari
Kikubaaqudgha
Makhleb
Okawaru
Yredelemnul
Zin

Annotations:
D:3 bennofresh's ghost, amateur HaFi
D:4 Duvessa


Innate Abilities, Weirdness & Mutations

Your experience applies equally to all skills.
You have very sharp teeth.
Your uncanny sense of smell can sniff out nearby items.


Message History

You kill Dowan!
Lugonu accepts your kill.
Duvessa screams, "No!
How DARE you!"
Duvessa goes berserk!
Duvessa hits you but does no damage.
Duvessa hits you with a +3 rapier of speed!
* * * LOW HITPOINT WARNING * * *
You hit Duvessa. You bite Duvessa.
Duvessa is severely wounded.
Duvessa hits you with a +3 rapier of speed!
* * * LOW HITPOINT WARNING * * *
Duvessa hits you but does no damage.
Unknown command.
You hit Duvessa. You bite Duvessa.
Duvessa is almost dead.
Duvessa hits you with a +3 rapier of speed.
* * * LOW HITPOINT WARNING * * *
You barely miss Duvessa.
Duvessa is almost dead.
Duvessa hits you with a +3 rapier of speed.
You die...

.#######
......(###
.........#########
######...........#
.#####.#.#.#####.#
....[....##.# #.#
.#####.#>#.## #.#
..........## #)#
.........## #@#
###.###..# #e#
#.###..# #.#
#......# #.#
#.###..# #.# #.#
#..# #.# ###.#
#..#### #.# ....#
#.....# #.#
###.###>.##.# #.#


You could see Duvessa (berserk).

Vanquished Creatures
  An ogre (D:4)
  A bullfrog (D:3)
  Dowan (D:4)
  Crazy Yiuf (D:3)
  An orc wizard (D:4)
  Robin (D:2)
  4 gnolls (D:2)
  2 adders (D:3)
  An adder skeleton (D:4)
  A worm (D:4)
  2 dart slugs
  A leopard gecko (D:4)
  3 orcs
  A ball python (D:3)
  A giant cockroach (D:2)
  11 goblins
  11 hobgoblins
  6 jackals
  A quokka (D:2)
  8 bats
  3 frilled lizards
  11 kobolds
  A quokka skeleton (D:4)
  A rat (D:3)
75 creatures vanquished.

Vanquished Creatures (others)
  4 plants (D:2)
4 creatures vanquished.

Grand Total: 79 creatures vanquished

Notes
Turn   | Place    | Note
-------+----------+-------------------------------------------
     0 | Abyss:1  | Gargoyl the Gnoll Abyssal Knight began the quest for the
                  | Orb.
     0 | Abyss:1  | Reached XP level 1. HP: 23/23 MP: 3/3
    68 | Abyss:3  | Noticed a raiju
    68 | Abyss:3  | Noticed a spatial maelstrom
    69 | D:1      | Escaped the Abyss
   281 | D:1      | Reached XP level 2. HP: 29/29 MP: 5/5
   410 | D:1      | Reached * piety under Lugonu
   656 | D:2      | Reached XP level 3. HP: 35/35 MP: 6/6
   665 | D:2      | Reached skill level 1 in Short Blades
   665 | D:2      | Reached skill level 1 in Long Blades
   665 | D:2      | Reached skill level 1 in Maces & Flails
   665 | D:2      | Reached skill level 1 in Polearms
   665 | D:2      | Reached skill level 1 in Staves
   665 | D:2      | Reached skill level 1 in Slings
   665 | D:2      | Reached skill level 1 in Bows
   665 | D:2      | Reached skill level 1 in Crossbows
   665 | D:2      | Reached skill level 1 in Throwing
   665 | D:2      | Reached skill level 1 in Stealth
   665 | D:2      | Reached skill level 1 in Shields
   665 | D:2      | Reached skill level 1 in Unarmed Combat
   665 | D:2      | Reached skill level 1 in Spellcasting
   665 | D:2      | Reached skill level 1 in Evocations
   784 | D:2      | Reached XP level 4. HP: 40/41 MP: 7/7
  1017 | D:2      | Noticed Robin
  1034 | D:2      | Killed Robin
  1034 | D:2      | Reached ** piety under Lugonu
  1034 | D:2      | Reached skill level 1 in Conjurations
  1034 | D:2      | Reached skill level 1 in Hexes
  1034 | D:2      | Reached skill level 1 in Summonings
  1034 | D:2      | Reached skill level 1 in Necromancy
  1034 | D:2      | Reached skill level 1 in Translocations
  1034 | D:2      | Reached skill level 1 in Transmutations
  1034 | D:2      | Reached skill level 1 in Fire Magic
  1034 | D:2      | Reached skill level 1 in Ice Magic
  1034 | D:2      | Reached skill level 1 in Air Magic
  1034 | D:2      | Reached skill level 1 in Earth Magic
  1034 | D:2      | Reached skill level 1 in Poison Magic
  1261 | D:2      | Found an iron altar of Okawaru.
  1263 | D:2      | Found a glowing silver altar of Zin.
  1263 | D:2      | Found an ancient bone altar of Kikubaaqudgha.
  1265 | D:2      | Found a burning altar of Makhleb.
  1266 | D:2      | Found a basalt altar of Yredelemnul.
  1564 | D:2      | Found a broken altar of Ashenzari.
  1816 | D:3      | Found a runed translucent door.
  1817 | D:3      | Noticed Crazy Yiuf
  1825 | D:3      | Killed Crazy Yiuf
  1825 | D:3      | Reached XP level 5. HP: 46/47 MP: 8/8
  1953 | D:3      | Found a runed translucent door.
  1976 | D:3      | Noticed bennofresh's ghost (amateur HaFi)
  1989 | D:3      | Reached skill level 5 in Invocations
  1989 | D:3      | Reached XP level 6. HP: 43/53 MP: 9/9
  2247 | D:4      | Reached skill level 5 in Axes
  2247 | D:4      | Reached skill level 5 in Armour
  2595 | D:4      | Noticed Dowan
  2595 | D:4      | Noticed Duvessa
  2624 | D:4      | Killed Dowan
  2626 | D:4      | HP: 1/53 [Duvessa/+3 rapier of speed (3)]
  2627 | D:4      | Slain by Duvessa

Illustrated notes

Levels and vault maps discovered:
D:1:      dpeg_arrival_simpleton_b, layout_loops_ring
D:2:      layout_loops_ring, lemuel_crystal_altar, grunt_temple_overflow_open,
          serial_forest, infiniplex_forest_clump_cross,
          infiniplex_forest_clump_long, infiniplex_forest_lined_corner,
          infiniplex_forest_lined_room_2, infiniplex_forest_straight_5,
          infiniplex_forest_lined_3_way, infiniplex_forest_pool,
          infiniplex_forest_clump_medium, uniq_robin
D:3:      layout_rooms, ebering_ghost_sewer_d, chequers_serial_rivers_micro_a,
          kennysheep_boxes, uniq_crazy_yiuf_cottage
D:4:      layout_loops_ring, uniq_grinder, uniq_duvessa

Skill      XL: |  1  2  3  4  5  6 |
---------------+-------------------+-----
Short Blades   | 1 2 |  2.1
Long Blades    | 1 2 |  2.1
Maces & Flails | 1 2 |  2.1
Polearms       | 1 2 |  2.1
Staves         | 1 2 |  2.1
Slings         | 1 2 |  2.1
Bows           | 1 2 |  2.1
Crossbows      | 1 2 |  2.1
Throwing       | 1 2 |  2.1
Stealth        | 1 2 |  2.1
Shields        | 1 2 |  2.1
Unarmed Combat | 1 2 |  2.1
Spellcasting   | 1 2 |  2.1
Evocations     | 1 2 |  2.1
Conjurations   | 1 |  1.7
Hexes          | 1 |  1.7
Summonings     | 1 |  1.7
Necromancy     | 1 |  1.7
Translocations | 1 |  1.7
Transmutations | 1 |  1.7
Fire Magic     | 1 |  1.7
Ice Magic      | 1 |  1.7
Air Magic      | 1 |  1.7
Earth Magic    | 1 |  1.7
Poison Magic   | 1 |  1.7
Dodging        | 3 |  3.4
Invocations    | 5 |  5.2
Axes           | 5 |  5.1
Armour         | 5 |  5.1
Fighting       | |  6.9

Action                   |  1- 3 |  4- 6 || total
-------------------------+-------+-------++-------
Melee: Hand axe          |    56 |   165 ||   221
       Bite              |     7 |    18 ||    25
Throw: Dart              |       |     8 ||     8
Invok: Depart the Abyss  |     1 |       ||     1
  Use: Scroll            |     4 |     8 ||    12
       Potion            |       |     2 ||     2
Armor: Chain mail        |    61 |   121 ||   182
Dodge: Dodged            |    21 |    86 ||   107

Table legend: (Time is in decaauts)
 A = Elapsed time spent in this place.
 B = Non-inter-level travel time spent in this place.
 C = Inter-level travel time spent in this place.
 D = Time resting spent in this place.
 E = Time spent auto-exploring this place.
 F = Levels seen in this place.
 G = Mean time per level.
                   A        B        C        D        E       F      G
               +--------+--------+--------+--------+--------+-----+--------+
         Total |   2641 |   2595 |     46 |    425 |   1532 |   7 |  377.3 |
       Dungeon |   2573 |   2527 |     46 |    425 |   1496 |   4 |  643.2 |
         Abyss |     68 |     68 |      0 |      0 |     36 |   3 |   22.7 |
               +--------+--------+--------+--------+--------+-----+--------+

Top non-repeatable levels by time:
     D:2: 1346 daAuts
     D:1: 552 daAuts
     D:3: 397 daAuts
     D:4: 276 daAuts
 Abyss:2: 37 daAuts
 Abyss:1: 30 daAuts
 Abyss:3: 0 daAuts
